 Dungeon Crawl Stone Soup version 0.30-a0-1114-gd936c97349 (webtiles) character file.

Game seed: 6754081691906199367

231 Warped the Sneak (level 6, -1/38 (42) HPs)
             Began as an Octopode Brigand on Apr 21, 2023.
             Slain by a wight
             ... wielding a +2 falchion
              (9 damage)
             ... on level 3 of the Dungeon.
             The game lasted 00:03:05 (1315 turns).

Warped the Sneak (Octopode Brigand)                 Turns: 1315, Time: 00:03:06

HP:   -1/38 (42)    AC:  1    Str: 10    XL:     6   Next: 3%
MP:   6/6           EV: 14    Int: 14    God:
Gold: 123           SH:  0    Dex: 15    Spells: 4/5 levels left

rFire   . . .      SeeInvis .    a - +2 dagger
rCold   . . .      Faith    .    (no shield)
rNeg    . . .      Spirit   .    (helmet restricted)
rPois   .          Reflect  .    (no amulet)
rElec   .          Rampage  .    (no ring)
rCorr   .                        (no ring)
Will    .....                    (no ring)
Stlth   ++++                     (no ring)
HPRegen 0.26/turn                (no ring)
MPRegen 0.10/turn                (no ring)
                                 (no ring)
                                 (no ring)

@: drained
A: almost no armour, amphibious, 8 rings, camouflage 1, gelatinous body 1,
(nimble swimmer 1), tentacles
a: no special abilities


You were on level 3 of the Dungeon.
You visited 1 branch of the dungeon, and saw 3 of its levels.

You collected 123 gold pieces.

Inventory:

Hand Weapons
 a - a +2 dagger (weapon)
Missiles
 b - 9 poisoned darts (quivered)
 c - 3 curare-tipped darts
 h - 6 stones
 k - 4 javelins
Magical Staves
 j - a staff of poison
Wands
 l - a wand of digging (4)
Scrolls
 g - a scroll of teleportation
Potions
 d - a potion of curing
 m - a potion of attraction {unknown}


   Skills:
 + Level 3.4 Fighting
 + Level 3.4 Short Blades
 - Level 2.0 Throwing
 + Level 2.9 Dodging
 + Level 6.7 Stealth


You had 4 spell levels left.
You knew the following spells:

 Your Spells              Type           Power      Damage    Failure   Level
a - Shock                 Conj/Air       0%         1d3       28%         1

Your spell library contained the following spells:

 Spells                   Type           Power      Damage    Failure   Level
 Hailstorm                Conj/Ice       0%         3d3       65%         3
 Swiftness                Air            0%         N/A       65%         3
 Airstrike                Air            0%         2d(0-16)  96%         4
 Ice Form                 Ice/Tmut       0%         N/A       96%         4
 Simulacrum               Ice/Necr       0%         N/A       100%        6


Dungeon Overview and Level Annotations

Branches:
Dungeon (3/15)

Altars:
Qazlal
Uskayaw

Annotations:
D:3 Ijyb


Innate Abilities, Weirdness & Mutations

You cannot wear most types of armour.
You are amphibious.
You can wear up to eight rings at the same time.
Your skin changes colour to match your surroundings (Stealth+).
Your rubbery body absorbs attacks. (AC +1, EV +1)
((You are camouflaged when in or above water. (Stealth+)))
You have tentacles for arms and can constrict up to eight enemies at once.


Message History

You bump into the rock wall.
The wight misses you.
You bump into the rock wall.
The wight closely misses you.
You closely miss the wight. You hit the wight but do no damage.
You feel less invigorated.
You feel less confused.
Unknown command.
You hit the wight but do no damage. You grab the wight.
Your squeeze misses the wight.
You constrict the wight, but do no damage.
The wight closely misses you.
The wight hits you with a +0 short sword!
You feel drained.
Unknown command.
As you read the scroll of teleportation, it crumbles to dust.
You feel strangely unstable.
You constrict the wight, but do no damage.
The wight barely misses you. x2
Unknown command.
You hit the wight.
The wight is lightly damaged.
You constrict the wight, but do no damage.
The wight hits you with a +0 mace!
You feel drained.
* * * LOW HITPOINT WARNING * * *
The wight barely misses you.
Unknown command.
Blink to where?
Press: ? - help, Dir - move target You lose your grip on the wight.
As you read the scroll of blinking, it crumbles to dust.
A ball python comes into view.
Your surroundings suddenly seem different.
Why would you want to do that?
Ijyb shouts!
Ijyb zaps a wand.
The roots erupt in riotous growth!
The grasping roots grab you! The grasping roots constrict you.
* * * LOW HITPOINT WARNING * * *
There is a stone staircase leading down here.
You escape the roots grasp.
The wight hits you with a +2 falchion!
You die...

#############
##.....#...[.##
#....g..$.....##
...............#
......z@.).....#
...............#
...............#
....^.§..≈^.≈..# #######
...≈.§#^.≈^§z..###.zJ.z#
#....§#^§§###.#....###.#
##..##§§.§##≈.#.######.#
##^(^§≈§§.^.≈..# #z.#
....._...§...# #.##


You could see Ijyb and 2 wights.

Vanquished Creatures
  A phantom (D:3)
  Jessica (D:3)
  Natasha (twice) (D:2)
  5 adders
  A dart slug (D:1)
  7 endoplasms (D:1)
  A giant cockroach (D:3)
  A goblin (D:1)
  4 hobgoblins
  4 quokkas
  9 ball pythons
  A bat (D:1)
  2 frilled lizards (D:1)
  2 kobolds
  A rat (D:3)
42 creatures vanquished.

Notes
Turn   | Place    | Note
-------+----------+-------------------------------------------
     0 | D:1      | Warped the Octopode Brigand began the quest for the Orb.
     0 | D:1      | Reached XP level 1. HP: 14/14 MP: 1/1
    76 | D:1      | Reached XP level 2. HP: 12/19 MP: 2/2
   302 | D:1      | Reached XP level 3. HP: 25/25 MP: 3/3
   667 | D:2      | Noticed Natasha
   672 | D:2      | Killed Natasha
   673 | D:2      | Reached skill level 6 in Stealth
   673 | D:2      | Reached XP level 4. HP: 30/30 MP: 4/4
   796 | D:2      | Noticed Natasha
   869 | D:2      | Killed Natasha
   870 | D:2      | Reached XP level 5. HP: 15/36 MP: 5/5
  1034 | D:2      | Learned a level 1 spell: Shock
  1172 | D:3      | Found a hide-covered altar of Uskayaw.
  1172 | D:3      | Noticed a phantom
  1185 | D:3      | Killed a phantom
  1278 | D:3      | Noticed Jessica
  1283 | D:3      | Found a stormy altar of Qazlal.
  1283 | D:3      | Noticed Ijyb
  1285 | D:3      | Killed Jessica
  1286 | D:3      | Reached XP level 6. HP: 42/42 MP: 6/6
  1315 | D:3      | Slain by a wight

Illustrated notes

Levels and vault maps discovered:
D:1:      erik_arrival_triangle_small, layout_rooms, glass_columns_a
D:2:      layout_rooms, grunt_decor_mini_mirrors, uniq_natasha
D:3:      layout_rooms, mainiacjoe_overflow_chevrons, grunt_qazlal_sundering,
          dilly_guarded_unrand_morg, uniq_ijyb, uniq_jessica

Skill      XL: |  1  2  3  4 |
---------------+-------------+-----
Dodging        | 2 |  2.9
Stealth        | 6 |  6.7
Fighting       | 3 |  3.4
Short Blades   | 3 |  3.4
Throwing       | |  2.0

Action                     |  1- 3 |  4- 6 || total
---------------------------+-------+-------++-------
  Melee: Dagger            |    40 |    41 ||    81
         Tentacles         |     4 |     6 ||    10
         Constrict         |     6 |     8 ||    14
    Use: Scroll            |     8 |     4 ||    12
         Potion            |       |     1 ||     1
   Stab: Sleeping          |    14 |     6 ||    20
 Armour: Skin              |     2 |     1 ||     3
  Dodge: Dodged            |    12 |    23 ||    35

Table legend: (Time is in decaauts)
 A = Elapsed time spent in this place.
 B = Non-inter-level travel time spent in this place.
 C = Inter-level travel time spent in this place.
 D = Time resting spent in this place.
 E = Time spent auto-exploring this place.
 F = Levels seen in this place.
 G = Mean time per level.
                   A        B        C        D        E       F      G
               +--------+--------+--------+--------+--------+-----+--------+
         Total |   1304 |   1266 |     38 |     89 |    830 |   3 |  434.7 |
       Dungeon |   1304 |   1266 |     38 |     89 |    830 |   3 |  434.7 |
               +--------+--------+--------+--------+--------+-----+--------+

Top non-repeatable levels by time:
     D:1: 600 daAuts
     D:2: 504 daAuts
     D:3: 199 daAuts
